 Dungeon Crawl Stone Soup version 0.20.1-1-g8b1a95d (webtiles) character file.

394 torrenera the Skirmisher (level 6, 0/102 HPs)
             Began as an Ogre Berserker on Sept 28, 2017.
             Was a Believer of Trog.
             Slain by Edmund
             ... wielding a +2 dire flail of venom
              (10 damage)
             ... on level 5 of the Dungeon on Sept 29, 2017.
             The game lasted 00:09:57 (3785 turns).

torrenera the Skirmisher (Ogre Berserker)           Turns: 3785, Time: 00:09:58

Health: 0/102      AC:  3    Str: 27    XL:     6   Next: 81%
Magic:  6/6        EV: 10    Int:  5    God:    Trog [**....]
Gold:   196        SH:  0    Dex: 10    Spells: 5/5 levels left

rFire    . . .     SeeInvis .   a - +1 mace
rCold    . . .     Gourm    .   (no shield)
rNeg     . . .     Faith    .   b - +0 animal skin
rPois    .         Spirit   .   (helmet restricted)
rElec    .         Reflect  .   (no cloak)
rCorr    .         Harm     .   (gloves unavailable)
MR       .....                  (boots unavailable)
Stlth    ..........             (no amulet)
Regen    0.3/turn               c - -3 ring of slaying (curse)
MPRegen  0.1/turn               u - -3 ring of intelligence (curse)

@: berserking, lethally poisoned (0 -> -47), very quick
A: unfitting armour, tough skin 1
a: Berserk, Trog's Hand, Burn Spellbooks, Renounce Religion


You were on level 5 of the Dungeon.
You worshipped Trog.
Trog was pleased with you.
You were very hungry.

You visited 1 branch of the dungeon, and saw 5 of its levels.

You collected 196 gold pieces.

Inventory:

Hand Weapons
 a - a +1 mace (weapon)
Missiles
 g - 9 poisoned needles
 i - 70 stones (quivered)
Armour
 b - a +0 animal skin (worn)
 k - a +0 cloak
Jewellery
 c - a cursed -3 ring of slaying (left hand)
 f - an uncursed ring of protection from fire
 s - an uncursed ring of magical power
 u - a cursed -3 ring of intelligence (right hand)
Scrolls
 d - 2 scrolls of identify
 h - 2 scrolls of enchant weapon
 p - a scroll of fear
Potions
 q - a potion of magic {unknown}
 v - a potion of invisibility {unknown}
Comestibles
 l - 2 meat rations
 m - a bread ration
 o - a fruit
 t - a royal jelly


   Skills:
 + Level 6.7 Fighting
 + Level 5.6 Maces & Flails
 - Level 2.6 Dodging


You had 5 spell levels left.
You didn't know any spells.

Dungeon Overview and Level Annotations

Branches:
Dungeon (5/15)
 Temple: D:4-7

Altars:
Gozag
Hepliaklqana
Kikubaaqudgha
Makhleb
Okawaru
Trog
Uskayaw
Xom

Annotations:
D:5 Edmund


Innate Abilities, Weirdness & Mutations

You are too large for most types of armour.
You have tough skin. (AC +1)


Message History

Edmund is heavily wounded.
* * * LOW HITPOINT WARNING * * *
You feel sick.
Edmund says, "I might not be good at magic, but I can still kill you!"
Edmund hits you with a dire flail of venom!
* * * LOW HITPOINT WARNING * * *
You are more poisoned.
You are too berserk!
* * * LOW HITPOINT WARNING * * *
You feel very sick.
You feel a strong urge to attack something.
* * * LOW HITPOINT WARNING * * *
You feel very sick. Edmund barely misses you.
You closely miss Edmund.
Edmund is heavily wounded.
* * * LOW HITPOINT WARNING * * *
You feel very sick.
Edmund hits you with a dire flail of venom!
You die...

#(. .(. ..# #..
..##.# .S#.###
...?. ... #@# ##@#
##..# ###...# #
#.....#######.##
#..#............#
#...##........#
###.. #.##
#.....#..###......
..
#....#_#.>........
.
#.....#..##.######


You could see Edmund and an adder.

Vanquished Creatures
  A scorpion (D:5)
  2 hounds
  Crazy Yiuf (D:2)
  Natasha (thrice) (D:2)
  A worker ant (D:5)
  A hound skeleton (D:4)
  Robin (D:3)
  5 adders
  2 shadow imps
  2 adder zombies (D:5)
  2 dart slugs (D:1)
  2 leopard geckos
  5 bats
  4 giant cockroaches
  12 goblins
  11 hobgoblins
  A quokka (D:4)
  A ball python (D:3)
  8 kobolds
  8 rats
73 creatures vanquished.

Notes
Turn   | Place    | Note
-------+----------+-------------------------------------------
     0 | D:1      | torrenera the Ogre Berserker began the quest for the Orb.
     0 | D:1      | Reached XP level 1. HP: 24/24 MP: 1/1
   110 | D:1      | Reached XP level 2. HP: 30/32 MP: 2/2
   534 | D:1      | Reached XP level 3. HP: 39/39 MP: 3/3
   689 | D:2      | Noticed Natasha
   697 | D:2      | Killed Natasha
  1094 | D:2      | Noticed Natasha
  1104 | D:2      | Killed Natasha
  1104 | D:2      | Reached ** piety under Trog
  1104 | D:2      | Reached XP level 4. HP: 35/49 MP: 4/4
  1181 | D:2      | Noticed Natasha
  1242 | D:3      | Noticed Robin
  1304 | D:2      | Killed Natasha
  1304 | D:2      | Reached skill level 5 in Fighting
  1381 | D:2      | Reached XP level 5. HP: 25/57 MP: 5/5
  1663 | D:2      | Found a runed door.
  1727 | D:2      | Found a hide-covered altar of Uskayaw.
  1727 | D:2      | Found an ancient bone altar of Kikubaaqudgha.
  1728 | D:2      | Found an opulent altar of Gozag.
  1964 | D:2      | Noticed Crazy Yiuf
  1970 | D:2      | Killed Crazy Yiuf
  2032 | D:3      | Killed Robin
  2916 | D:4      | Found a bloodstained altar of Trog.
  3014 | D:4      | Found a burning altar of Makhleb.
  3061 | D:4      | Found a shimmering altar of Xom.
  3062 | D:4      | Found a hazy altar of Hepliaklqana.
  3063 | D:4      | Noticed a spectral ugly thing
  3078 | D:4      | Reached skill level 6 in Fighting
  3078 | D:4      | Reached skill level 5 in Maces & Flails
  3078 | D:4      | Reached XP level 6. HP: 57/67 MP: 6/6
  3305 | D:5      | Entered Level 5 of the Dungeon
  3383 | D:5      | Found an iron altar of Okawaru.
  3767 | D:5      | Noticed Edmund
  3785 | D:5      | Slain by Edmund

Skill      XL: |  1  2  3  4  5 |
---------------+----------------+-----
Maces & Flails | 3 4 5 |  5.6
Fighting       | 5 6 |  6.7
Dodging        | |  2.6

Action                   |  1- 3 |  4- 6 || total
-------------------------+-------+-------++-------
Melee: Mace              |    87 |   197 ||   284
Throw: Stone             |       |    11 ||    11
Invok: Berserk           |     2 |     4 ||     6
       Trog's Hand       |       |     4 ||     4
       Burn Spellbooks   |       |     1 ||     1
  Use: Scroll            |       |     5 ||     5
       Potion            |       |     1 ||     1
  Eat: Bread ration      |       |     1 ||     1
       Chunk             |       |    10 ||    10
Armor: Animal skin       |    43 |    43 ||    86
Dodge: Dodged            |    76 |   111 ||   187
